 Dungeon Crawl Stone Soup version 0.23-a0-54-gae6112e (webtiles) character file.

5055 Amnesiac the Destroyer (level 10, -11/63 HPs)
             Began as a Mummy Conjurer on Aug 8, 2018.
             Was a Believer of Dithmenos.
             Mangled by a red ugly thing (20 damage)
             ... on level 9 of the Dungeon.
             The game lasted 00:17:32 (9659 turns).

Amnesiac the Destroyer (Mummy Conjurer)             Turns: 9659, Time: 00:17:32

Health: -11/63     AC: 12    Str: 11    XL:     10   Next: 31%
Magic:  1/24       EV: 10    Int: 17    God:    Dithmenos [**....]
Gold:   462        SH:  4    Dex: 14    Spells: 12/30 levels left

rFire    . . .     SeeInvis .   a - +0 long sword
rCold    + . .     Gourm    .   (no shield)
rNeg     + + +     Faith    .   r - +2 ring mail {MR+}
rPois    ∞         Spirit   .   i - +0 helmet
rElec    .         Reflect  +   g - scarf {cloud immunity}
rCorr    .         Harm     .   q - +1 pair of gloves
MR       ++...                  b - +1 pair of boots
Stlth    +.........             o - +4 amulet of reflection
HPRegen  0.20/turn              e - ring of protection from fire
MPRegen  0.19/turn              (no ring)

@: very slightly contaminated, wreathed by umbra
A: no food or potions, fire vulnerability, cold resistance 1, negative energy
resistance 3, torment resistance, unbreathing
a: Shadow Step, Renounce Religion


You were on level 9 of the Dungeon.
You worshipped Dithmenos.
Dithmenos was pleased with you.
You were not hungry.

You visited 2 branches of the dungeon, and saw 11 of its levels.

You collected 462 gold pieces.

Inventory:

Hand Weapons
 a - a +0 long sword (weapon)
Armour
 b - a +1 pair of boots (worn)
 c - a +0 shield
 g - a scarf of cloud immunity (worn)
 i - a +0 helmet (worn)
 q - a +1 pair of gloves (worn)
 r - a +2 ring mail of magic resistance (worn)
Jewellery
 e - a ring of protection from fire (left hand)
 o - a +4 amulet of reflection (around neck)
Wands
 p - a wand of random effects (31)
 t - a wand of iceblast (11)
Scrolls
 d - 3 scrolls of fear {!r}
 f - a scroll of enchant weapon {!r}
 h - 2 scrolls of remove curse {!r}
 j - 6 scrolls of teleportation {!r}
 k - 3 scrolls of blinking {!r}
 l - 2 scrolls of enchant armour {!r, unknown}
 m - 6 scrolls of identify {!r}
 n - 5 scrolls of amnesia {!r}
 s - a scroll of magic mapping {!r, unknown}


   Skills:
 - Level 1.5 Dodging
 - Level 1.5 Stealth
 + Level 10.8 Spellcasting
 * Level 10.9 Conjurations


You had 12 spell levels left.
You knew the following spells:

 Your Spells              Type           Power        Failure   Level  Hunger
a - Iskenderun's Mystic   Conj           #####...     1%          4    N/A
b - Magic Dart            Conj           ####         1%          1    N/A
d - Searing Ray           Conj           #####.       1%          2    N/A
e - Dazzling Spray        Conj/Hex       ####..       6%          3    N/A
q - Fulminant Prism       Conj/Hex       ####......   21%         4    N/A
w - Force Lance           Conj/Tloc      ####....     21%         4    N/A

Your spell library contained the following spells:

 Spells                   Type           Power        Failure   Level  Hunger
 Throw Frost              Conj/Ice       ####..       3%          2    N/A
 Freeze                   Ice            #...         19%         1    N/A
 Summon Ice Beast         Ice/Summ       #.......     88%         4    N/A
 Ozocubu's Armour         Chrm/Ice       #.......     50%         3    N/A
 Throw Icicle             Conj/Ice       ####....     21%         4    N/A

Dungeon Overview and Level Annotations

Branches:
Dungeon (10/15)            Temple (1/1) D:6
   Lair: D:8-11         Orc: D:9-12

Altars:
Ashenzari
Dithmenos
Elyvilon
Fedhas
Gozag
Kikubaaqudgha
Nemelex Xobeh
Okawaru
Ru
Sif Muna
Trog
Uskayaw
Wu Jian
Xom
Yredelemnul
Zin
The Shining One

Shops:
D:7 !

Annotations:
D:4 dig blink altar gold
D:7 1 runed door, Phong's ghost, novice FoEE


Innate Abilities, Weirdness & Mutations

You do not eat or drink.
Your flesh is vulnerable to fire.
You are immune to poison.
Your flesh is cold resistant. (rC+)
You are immune to negative energy. (rN+++)
You are immune to unholy pain and torment.
You can survive without breathing.


Message History

There is an open door here.
A red ugly thing is nearby!
A red ugly thing is nearby!
A red ugly thing is nearby!
Casting: Iskenderun's Mystic Blast (safe; 1% risk of failure)
Confirm with . or Enter, or press ? or * to list all spells.
Aiming: Iskenderun's Mystic Blast (safe; 1% risk of failure)
Press: ? - help, Shift-Dir - straight line, f - red ugly thing
Aim: a red ugly thing The orb of energy hits the red ugly thing.
The red ugly thing is lightly wounded.
Unknown command.
Casting: Iskenderun's Mystic Blast (safe; 1% risk of failure)
Confirm with . or Enter, or press ? or * to list all spells.
Aiming: Iskenderun's Mystic Blast (safe; 1% risk of failure)
Press: ? - help, Shift-Dir - straight line, f/p - red ugly thing
Aim: a red ugly thing (lightly wounded, umbra)
The orb of energy hits the red ugly thing.
The red ugly thing is moderately wounded.
The orb of energy explodes!
Unknown command.
Casting: Iskenderun's Mystic Blast (safe; 1% risk of failure)
Confirm with . or Enter, or press ? or * to list all spells.
Okay, then.
Casting: Iskenderun's Mystic Blast (safe; 1% risk of failure)
Confirm with . or Enter, or press ? or * to list all spells.
Aiming: Iskenderun's Mystic Blast (safe; 1% risk of failure)
Press: ? - help, Shift-Dir - straight line, f/p - red ugly thing
Aim: a red ugly thing (moderately wounded, umbra)
The orb of energy hits the red ugly thing.
The red ugly thing is moderately wounded.
The orb of energy explodes!
The red ugly thing claws you!
You are engulfed in flames!!
* * * LOW HITPOINT WARNING * * *
Casting: Iskenderun's Mystic Blast (safe; 1% risk of failure)
Confirm with . or Enter, or press ? or * to list all spells.
Aiming: Iskenderun's Mystic Blast (safe; 1% risk of failure)
Press: ? - help, Shift-Dir - straight line, f/p - red ugly thing
Aim: a red ugly thing (moderately wounded, umbra)
The orb of energy hits the red ugly thing.
The red ugly thing is heavily wounded.
The orb of energy explodes!
The red ugly thing claws you.
* * * LOW HITPOINT WARNING * * *
You are engulfed in flames!
* * * LOW HITPOINT WARNING * * *
Casting: Iskenderun's Mystic Blast (safe; 1% risk of failure)
Confirm with . or Enter, or press ? or * to list all spells.
Aiming: Force Lance (slightly dangerous; 21% risk of failure)
Press: ? - help, Shift-Dir - straight line, f/p - red ugly thing
Aim: a red ugly thing (heavily wounded, umbra)
The lance of force hits the red ugly thing.
The red ugly thing is severely wounded.
The red ugly thing is knocked back by the lance of force.
Casting: Force Lance (slightly dangerous; 21% risk of failure)
Confirm with . or Enter, or press ? or * to list all spells.
Aiming: Force Lance (slightly dangerous; 21% risk of failure)
Press: ? - help, Shift-Dir - straight line, f/p - red ugly thing
Aim: a red ugly thing (severely wounded, umbra)
You miscast Force Lance.
You are very lightly contaminated with residual magic.
Your skin tingles.
The red ugly thing claws you.
* * * LOW HITPOINT WARNING * * *
You are engulfed in flames!!
You die...

##..######..##.. #...........'<..
#...........##.. #.......)...##..
####################...########..
.##..%.#...#...#.###...##....##..
.>....<#...........#....#.....'..
.......#...........'....#.....#..
###...##..##..##@###.######(.##..
.##...##..##..##u.#########..##..
..#...#....#...#..........#......
..#...#....#...#..........#......
..#...#....#...'..........#......
..#...#....#...#..........#......
..#...#....'...#..........#......
###...##..##.>##..##.###.########
.##...##).##..##..##.###)########


You could see a red ugly thing.

Vanquished Creatures
  A two-headed ogre (D:8)
  An ugly thing (D:8)
  A troll (D:9)
  The ghost of galech the Twirler, an amateur GnWn of Okawaru (D:5)
  Grinder (D:3)
  A wyvern (D:8)
  2 hungry ghosts
  2 water moccasins
  An orc warrior (D:9)
  2 black bears (D:9)
  2 sky beasts
  4 ice beasts
  4 ogres
  Blork the orc (D:5)
  A big kobold (D:8)
  2 bullfrogs
  3 killer bees (D:9)
  5 wights
  A crimson imp (D:9)
  A centaur zombie (D:5)
  A bullfrog skeleton (D:5)
  6 orc wizards
  A jelly (D:5)
  2 orc priests
  2 hounds
  3 iguanas
  9 worker ants
  2 hound zombies
  Robin (D:4)
  16 adders
  6 gnolls
  An adder zombie (D:7)
  3 worms
  An adder skeleton (D:4)
  2 leopard geckos
  11 orcs
  5 bats
  9 giant cockroaches
  13 hobgoblins
  17 kobolds
  7 quokkas
  2 ball pythons
  9 frilled lizards
  22 goblins
  A quokka skeleton (D:4)
  A quokka zombie (D:8)
  5 rats
195 creatures vanquished.

Notes
Turn   | Place    | Note
-------+----------+-------------------------------------------
     0 | D:1      | Amnesiac the Mummy Conjurer began the quest for the Orb.
     0 | D:1      | Reached XP level 1. HP: 13/13 MP: 4/4
   382 | D:3      | Reached XP level 2. HP: 17/19 MP: 1/6
   387 | D:3      | Learned a level 2 spell: Searing Ray
   445 | D:4      | Noticed Grinder
   471 | D:3      | Paralysed by Grinder for 4 turns
   603 | D:5      | Entered Level 5 of the Dungeon
   733 | D:4      | Noticed Robin
   763 | D:4      | Killed Robin
   763 | D:4      | Reached XP level 3. HP: 17/24 MP: 0/8
   773 | D:4      | You fall through a shaft for 2 floors!
   773 | D:6      | Noticed an ogre
   786 | D:6      | Killed an ogre
   786 | D:6      | Reached XP level 4. HP: 15/30 MP: 2/10
   786 | D:6      | Reached XP level 5. HP: 18/35 MP: 2/11
   798 | D:6      | Learned a level 4 spell: Iskenderun's Mystic Blast
  1013 | D:5      | Found a large runed door.
  1013 | D:5      | Found a large runed door.
  1029 | D:5      | Noticed galech's ghost (amateur GnWn)
  1162 | D:5      | Noticed Blork the orc
  1220 | D:6      | Reached skill level 5 in Conjurations
  1430 | D:5      | Killed Blork the orc
  1430 | D:5      | Reached skill level 5 in Spellcasting
  1430 | D:5      | Reached XP level 6. HP: 12/41 MP: 5/13
  2000 | D:4      | Found a white marble altar of Elyvilon.
  2168 | D:4      | Reached XP level 7. HP: 46/46 MP: 11/15
  2335 | D:4      | Found a basalt altar of Yredelemnul.
  2453 | D:4      | Found a glowing golden altar of the Shining One.
  2665 | D:4      | Found a glowing silver altar of Zin.
  2735 | D:5      | Found a shattered altar of Ashenzari.
  3051 | D:5      | Found a blossoming altar of Fedhas.
  3527 | D:5      | Killed galech's ghost
  3639 | D:6      | Reached XP level 8. HP: 52/52 MP: 5/18
  3794 | D:6      | Found a bloodstained altar of Trog.
  4387 | D:6      | Found a staircase to the Ecumenical Temple.
  4422 | Temple   | Entered the Ecumenical Temple
  4427 | Temple   | Became a worshipper of Dithmenos the Shadowed
  4543 | D:3      | Killed Grinder
  4962 | D:2      | Reached * piety under Dithmenos
  5356 | D:2      | Found a deep blue altar of Sif Muna.
  5477 | D:3      | Reached ** piety under Dithmenos
  5694 | D:3      | Found a hide-covered altar of Uskayaw.
  6135 | D:7      | Found a runed door.
  6183 | D:7      | Learned a level 3 spell: Dazzling Spray
  6188 | D:7      | Learned a level 4 spell: Force Lance
  6193 | D:7      | Learned a level 4 spell: Fulminant Prism
  6446 | D:7      | Found a shimmering altar of Xom.
  6446 | D:7      | Noticed Phong's ghost (novice FoEE)
  6451 | D:7      | Noticed a whip of chaos
  6661 | D:7      | Found Oreodip's Distillery.
  6768 | D:7      | Reached XP level 9. HP: 45/57 MP: 0/21
  6990 | D:8      | Noticed a two-headed ogre
  7008 | D:8      | Killed a two-headed ogre
  7273 | D:8      | Noticed a green ugly thing
  7503 | D:8      | Reached skill level 10 in Conjurations
  7621 | D:8      | Killed a green ugly thing
  7621 | D:8      | Reached skill level 10 in Spellcasting
  7843 | D:8      | Found an iron altar of Okawaru.
  8198 | D:9      | Reached XP level 10. HP: 63/63 MP: 15/24
  8350 | D:9      | Noticed a red ugly thing
  8355 | D:10     | Entered Level 10 of the Dungeon
  9659 | D:9      | Mangled by a red ugly thing

Vault maps used:
D:1:      dpeg_arrival_simpleton_c
D:2:      lemuel_blue_sif_altar
D:3:      eat_drink_and_be_merry_uskayaw
D:4:      kennysheep_ying_yang, zin_treasury, nicolae_tso_swordbearing_angel,
          kennysheep_generic_room_6, uniq_robin, uniq_grinder
D:5:      lemuel_coloured_pillars_altar, serial_bayou, serial_bayou_lagoon_b,
          serial_bayou_crossing, serial_bayou_pond_b, serial_bayou_pond_d,
          serial_bayou_lake_a, serial_bayou_lagoon_a, first_ration,
          ebering_ghost_disaster_area, nicolae_ashenzari_panopticon,
          uniq_blork_the_orc
D:6:      overflow_temple_1_default, temple_doors_ab
D:7:      ebering_ghost_xom, serial_shops, kennysheep_mini_moat
D:8:      nicolae_overflow_crystal_walls
D:10:     orc_0_dummy
Temple:   cyrus_circular_temple

Skill      XL: |  1  2  3  4  5  6  7  8  9 |
---------------+----------------------------+-----
Spellcasting   | 3 4 5 7 8 10 | 10.8
Conjurations   | 4 5 6 7 8 10 | 10.9
Dodging        | |  1.5
Stealth        | |  1.5

Action                   |  1- 3 |  4- 6 |  7- 9 | 10-12 || total
-------------------------+-------+-------+-------+-------++-------
Melee: Unarmed           |    10 |       |       |       ||    10
       Long sword        |       |     3 |   176 |    17 ||   196
 Cast: Magic Dart        |    37 |    20 |     2 |       ||    59
       Searing Ray       |     2 |    20 |    14 |       ||    36
       Iskenderun's Myst |       |       |   130 |    50 ||   180
       Force Lance       |       |       |       |     1 ||     1
Evoke: Wand              |     1 |     1 |     7 |     4 ||    13
  Use: Scroll            |       |       |     9 |     1 ||    10
 Stab: Paralysed         |       |       |     5 |       ||     5
Armor: Robe              |     5 |     5 |    86 |       ||    96
       Ring mail         |       |       |     5 |    12 ||    17
Dodge: Dodged            |    23 |    34 |   206 |    17 ||   280
Block: Other             |       |       |    29 |     5 ||    34
       Reflection        |       |       |     1 |       ||     1
       Rpst.: Long sword |       |     3 |    55 |     5 ||    63

Table legend:
 A = Spawn XP
 B = Non-spawn XP
 C = Spawn XP percentage of total XP
 D = Spawn monster count
 E = Non-spawn monster count
 F = Spawn count percentage of total count
 G = Total turns spent on level
                    A         B        C        D         E        F      G
               +---------+---------+-------+---------+---------+-------+---------
         Total |       0 |    7222 |   0.0 |       0 |     195 |   0.0 |  9659
               +---------+---------+-------+---------+---------+-------+---------
           D:1 |       0 |      37 |   0.0 |       0 |      22 |   0.0 |   396
           D:2 |       0 |     122 |   0.0 |       0 |      27 |   0.0 |   469
           D:3 |       0 |     451 |   0.0 |       0 |      36 |   0.0 |  1168
           D:4 |       0 |     339 |   0.0 |       0 |      28 |   0.0 |  1305
           D:5 |       0 |     755 |   0.0 |       0 |      15 |   0.0 |  1431
           D:6 |       0 |     532 |   0.0 |       0 |      13 |   0.0 |  1355
           D:7 |       0 |     415 |   0.0 |       0 |       8 |   0.0 |   744
           D:8 |       0 |    2548 |   0.0 |       0 |      20 |   0.0 |  1192
           D:9 |       0 |    1800 |   0.0 |       0 |      24 |   0.0 |  1019
          D:10 |       0 |     223 |   0.0 |       0 |       2 |   0.0 |   569
               +---------+---------+-------+---------+---------+-------+---------
